 Dungeon Crawl Stone Soup version 0.30-a0-1066-g63dfefce0d (webtiles) character file.

Game seed: 9776919883822200605

275 qeuew the Ruffian (level 6, 0/61 HPs)
             Began as a Troll Fighter on Apr 12, 2023.
             Was an Initiate of Trog.
             Slain by Pikel
             ... wielding a +2 whip of freezing
              (12 damage)
             ... on level 5 of the Dungeon.
             The game lasted 00:03:48 (3156 turns).

qeuew the Ruffian (Troll Fighter)                   Turns: 3156, Time: 00:03:49

Health: 0/61       AC:  4    Str: 25    XL:     6   Next: 3%
Magic:  5/5        EV:  9    Int:  4    God:    Trog [......]
Gold:   336        SH:  8    Dex: 11    Spells: 5/5 levels left

rFire   . . .      SeeInvis .      - Unarmed
rCold   . . .      Faith    .    b - +0 kite shield
rNeg    + . .      Spirit   .    a - +0 robe
rPois   .          Reflect  .    (helmet restricted)
rElec   .          Rampage  .    (no cloak)
rCorr   .                        (gloves unavailable)
Will    .....                    (boots unavailable)
Stlth   +                        (no amulet)
HPRegen 1.10/turn                d - ring of positive energy
MPRegen 0.09/turn                (no ring)

@: mighty
A: large, unfitting armour, claws 3, regeneration 1, shaggy fur 1, tough skin 1
a: Renounce Religion


You were on level 5 of the Dungeon.
You worshipped Trog.
Trog was noncommittal.
You visited 2 branches of the dungeon, and saw 6 of its levels.

You collected 336 gold pieces.

Inventory:

Missiles
 m - 2 throwing nets (quivered)
Armour
 a - a +0 robe (worn)
 b - a +0 kite shield (worn)
Jewellery
 d - a ring of positive energy (left claw)
Wands
 k - a wand of digging (9)
Scrolls
 e - 2 scrolls of teleportation
 g - a scroll of fog
 i - 2 scrolls of enchant armour
Potions
 c - a potion of might
 f - a potion of heal wounds


   Skills:
 + Level 3.3 Fighting
 + Level 3.3 Dodging
 + Level 3.5 Shields
 * Level 4.2 Unarmed Combat


You had 5 spell levels left.
You didn't know any spells.
Your spell library contained the following spells:

 Spells                   Type           Power      Damage    Failure   Level
 Beastly Appendage        Tmut           0%         N/A       80%         1
 Wereblood                Tmut           0%         N/A       90%         2
 Spider Form              Tmut/Pois      0%         N/A       99%         3


Dungeon Overview and Level Annotations

Branches:
Dungeon (5/15)             Temple (1/1) D:4

Altars:
Ashenzari
Cheibriados
Dithmenos
Fedhas
Gozag
Kikubaaqudgha
Makhleb
Nemelex Xobeh
Okawaru
Ru
Trog
Uskayaw
Wu Jian
Yredelemnul
Zin

Annotations:
D:5 Pikel


Innate Abilities, Weirdness & Mutations

You are too large for most types of armour.
You have claws for hands.
Your natural rate of healing is unusually fast.
You are covered in fur. (AC +1)
You have tough skin. (AC +1)


Message History

The lemure is lightly wounded.
The lemure barely misses you.
You feel very mighty all of a sudden. You block the lemure's attack.
You barely miss the lemure.
The lemure is lightly wounded.
You block the lemure's attack.
You barely miss the lemure.
The lemure is lightly wounded.
The lemure hits you!
* * * LOW HITPOINT WARNING * * *
You barely miss the lemure.
The lemure is lightly wounded.
The lemure barely misses you.
You closely miss the lemure.
The lemure is lightly wounded.
You block the lemure's attack.
Pikel says, "Hell isn't that bad."
You claw the lemure!
The lemure is severely wounded.
The lemure hits you but does no damage.
You claw Pikel!
Pikel is severely wounded.
Pikel hits you with a +2 whip of freezing.
* * * LOW HITPOINT WARNING * * *
Pikel freezes you.
* * * LOW HITPOINT WARNING * * *
You barely miss Pikel.
Pikel is severely wounded.
Pikel hits you with a +2 whip of freezing.
* * * LOW HITPOINT WARNING * * *
Pikel freezes you.
* * * LOW HITPOINT WARNING * * *
You closely miss Pikel.
Pikel is severely wounded.
You block Pikel's attack.
You claw Pikel!
Pikel is almost dead.
Pikel hits you with a +2 whip of freezing!
You die...

### #.# ###
##.#.#####.##
#.#.###.###.......#
.......5K#.#####.#####
#.....###@###........#
##.$. ### #..#.###.#
##. ##.#..# #.# #
##..##.###.#
#.#.....##.#
##...#<###.#
##........# ##.#######
##.)#


You could see Pikel and a lemure.

Vanquished Creatures
  3 lemures (D:5)
  2 hounds (D:4)
  An orc priest (D:4)
  3 gnolls (D:4)
  7 adders
  A worm (D:2)
  A dart slug (D:1)
  10 orcs
  7 ball pythons
  5 endoplasms
  4 giant cockroaches
  4 goblins
  4 hobgoblins
  4 jackals (D:2)
  5 quokkas
  5 bats
  2 frilled lizards
  9 kobolds
  6 rats
83 creatures vanquished.

Vanquished Creatures (others)
  A fungus (D:1)
  4 toadstools (D:1)
5 creatures vanquished.

Grand Total: 88 creatures vanquished

Notes
Turn   | Place    | Note
-------+----------+-------------------------------------------
     0 | D:1      | qeuew the Troll Fighter began the quest for the Orb.
     0 | D:1      | Reached XP level 1. HP: 22/22 MP: 0/0
    74 | D:1      | Reached XP level 2. HP: 29/29 MP: 1/1
   765 | D:2      | Reached XP level 3. HP: 34/36 MP: 2/2
   893 | D:2      | Reached skill level 3 in Unarmed Combat
   938 | D:2      | Reached XP level 4. HP: 23/44 MP: 3/3
  1154 | D:2      | Found a faded altar of an unknown god.
  1385 | D:3      | Found a bloodstained altar of Trog.
  1430 | D:3      | Became a worshipper of Trog the Wrathful
  1555 | D:3      | Found a sacrificial altar of Ru.
  2031 | D:4      | Reached XP level 5. HP: 49/53 MP: 4/4
  2260 | D:4      | Found a shadowy altar of Dithmenos.
  2323 | D:4      | Found a staircase to the Ecumenical Temple.
  2338 | D:4      | Reached skill level 4 in Unarmed Combat
  2356 | Temple   | Entered the Ecumenical Temple
  2906 | D:4      | Found a burning altar of Makhleb.
  3055 | D:5      | Entered Level 5 of the Dungeon
  3055 | D:5      | Noticed Pikel
  3055 | D:5      | Noticed a lemure
  3055 | D:5      | Noticed a lemure
  3055 | D:5      | Noticed a lemure
  3059 | D:5      | Reached XP level 6. HP: 61/61 MP: 5/5
  3156 | D:5      | Slain by Pikel

Illustrated notes

Levels and vault maps discovered:
D:1:      ncdulo_watergridlock, layout_basic, minmay_door_square,
          minmay_gold_behind_fungi
D:2:      layout_loops_ring, shapermc_ecumenical_altar_pompeii
D:3:      layout_loops_ring, nicolae_ru_sacrificial_ziggurat,
          mainiacjoe_overflow_tiny_flanked
D:4:      layout_basic, mainiacjoe_overflow_six_doors_small,
          makhleb_heckhound_becter, minmay_temple_entry_nine_rooms
D:5:      layout_loops_corners, nicolae_qazlal_style_of_elements, uniq_pikel
Temple:   grunt_temple_mini_profane

Skill      XL: |  1  2  3  4  5 |
---------------+----------------+-----
Shields        | 3 |  3.5
Unarmed Combat | 3 4 |  4.2
Fighting       | 3 |  3.3
Dodging        | 3 |  3.3

Action                     |  1- 3 |  4- 6 || total
---------------------------+-------+-------++-------
  Melee: Unarmed           |   103 |   146 ||   249
    Use: Scroll            |     2 |     7 ||     9
         Potion            |       |     4 ||     4
   Stab: Sleeping          |     1 |       ||     1
         Invisible         |       |     4 ||     4
 Armour: Robe              |    35 |    25 ||    60
  Dodge: Dodged            |    38 |    50 ||    88
  Block: Kite shield       |    47 |    68 ||   115

Table legend: (Time is in decaauts)
 A = Elapsed time spent in this place.
 B = Non-inter-level travel time spent in this place.
 C = Inter-level travel time spent in this place.
 D = Time resting spent in this place.
 E = Time spent auto-exploring this place.
 F = Levels seen in this place.
 G = Mean time per level.
                   A        B        C        D        E       F      G
               +--------+--------+--------+--------+--------+-----+--------+
         Total |   3171 |   3007 |    164 |     52 |   2412 |   6 |  528.5 |
       Dungeon |   2937 |   2811 |    126 |     52 |   2220 |   5 |  587.4 |
        Temple |    234 |    196 |     38 |      0 |    192 |   1 |  234.0 |
               +--------+--------+--------+--------+--------+-----+--------+

Top non-repeatable levels by time:
     D:4: 815 daAuts
     D:1: 702 daAuts
     D:2: 684 daAuts
     D:3: 631 daAuts
  Temple: 234 daAuts
     D:5: 104 daAuts
